AoeStats
← Adrian

Migration

510048249Analyzed
1v1 RM · 2d ago on Sep 29, 2026· 51m 17s· 2 players
Game mode
Random Map
Map size
132×132
Population
200
Speed
Normal
Resources
Standard
Victory
Conquest
Starting age
Dark Age
Ending age
Imperial Age
RankedLock teamsTeams togetherTeam positionsShared explorationLock speedFull tech treeHidden civsTurbo modeCheats
Victory
Defeat
🇲🇽 Portuguese · Mexico
316
+21
🇷🇴 Franks · Romania
437
-21
BoxiestTuna9148
0:52 Loom
13:08 Feudal Age
14:44 Fishing Lines
16:19 Double-Bit Axe
23:01 Castle Age
25:19 Bow Saw
24:59 Treadmill Crane
26:36 Murder Holes
31:19 Imperial Age
29:55 Medium Warships
30:44 Elite Skirmisher
31:35 Thumb Ring
33:08 Chemistry
34:52 Ballistics
35:55 Careening
35:55 Clinker Construction
35:50 Gold Mining
35:53 Stone Mining
39:04 Arquebus
39:26 Conscription
40:03 Heavy Warships
39:36 Gillnets
41:15 Fervor
41:01 Herbal Medicine
40:28 Elite Cannon Galleon
41:01 Heated Shot
41:33 Dry Dock
41:33 Carvel Hull
41:19 Siphons
42:37 Fletching
42:47 Padded Archer Armor
48:30 Bodkin Arrow
48:51 Leather Archer Armor
49:42 Cavalier
50:47 Husbandry
50:57 Bloodlines
Adrian
12:02 Feudal Age
12:32 Double-Bit Axe
12:43 Gold Mining
13:42 Wheelbarrow
13:04 Arson
18:08 Stone Mining
20:21 Loom
20:24 Town Watch
23:18 Castle Age
24:32 Hand Cart
24:32 Bow Saw
25:00 Gold Shaft Mining
23:51 Crossbowman
26:21 Town Patrol
34:10 Imperial Age
34:14 Squires
33:35 Pikeman
40:59 Medium Warships
40:09 Demolition Ship
40:58 Ordonnance Companies
41:59 Conscription
42:23 Hoardings
43:12 Chemistry
42:33 Ballistics
42:01 Arrowslits
42:30 Forging
42:10 Fletching
42:21 Padded Archer Armor
42:21 Scale Mail Armor
42:27 Scale Barding Armor
42:07 Capped Ram
42:11 Halberdier
Connection lost

Rejoining the realm…

Still unreachable

The connection could not be restored.

Session expired

The server has moved on; the page needs a fresh start.